 Dungeon Crawl Stone Soup version 0.31-a0-1272-g9f703e4c1d (webtiles) character file.

Game seed: 15575225676828710223

910 Amplified the Trooper (level 7, -10/61 HPs)
             Began as a Minotaur Shapeshifter on Dec 17, 2023.
             Engulfed by a cloud of flame (26 damage)
             ... on level 6 of the Dungeon.
             The game lasted 00:04:36 (4118 turns).

Amplified the Trooper (Minotaur Shapeshifter)       Turns: 4118, Time: 00:04:37

Health: -10/61     AC: 11    Str: 21    XL:     7   Next: 81%
Magic:  6/6        EV: 11    Int:  7    God:
Gold:   201        SH:  0    Dex: 15    Spells: 6/6 levels left

rFire   . . .        m - +3 hand axe "Fairups" {elec, rPois rC+}
rCold   + + .        (no shield)
rNeg    . . .        a - +4 scale mail {rC+}
rPois   +            (helmet restricted)
rElec   .            s - scarf {shadows}
rCorr   .            (no gloves)
SInv    .            (no boots)
Will    .....        (no amulet) Stlth
                     i - +6 ring of dexterity
HPRegen 0.30/turn    (no ring)
MPRegen 0.10/turn

%: no passive effects
@: no status effects
A: horns 2, retaliatory headbutt
a: no special abilities


You were on level 6 of the Dungeon.
You visited 1 branch of the dungeon, and saw 6 of its levels.

You collected 261 gold pieces.
You spent 60 gold pieces at shops.

Inventory:

Hand Weapons
 b - a +1 flail
 m - the +3 hand axe "Fairups" (weapon) {elec, rPois rC+}
   (You found it on level 3 of the Dungeon)

   rC+:       It protects you from cold.
   rPois:     It protects you from poison
Missiles
 l - 4 silver javelins
Armour
 a - a +4 scale mail of cold resistance (worn)
 s - a scarf of shadows (worn)
Jewellery
 i - a +6 ring of dexterity (left hand)
 v - an amulet of magic regeneration
Wands
 p - a wand of mindburst (16)
Scrolls
 d - 3 scrolls of teleportation
 e - a scroll of amnesia
 f - a scroll of torment
 g - a scroll of noise
 h - 2 scrolls of poison
 j - a scroll of revelation
 n - a scroll of brand weapon
Potions
 c - 3 potions of cancellation
 k - 3 potions of heal wounds {unknown}
 o - a potion of might
 q - a potion of mutation {unknown}
 r - a potion of degeneration {unknown}
 t - a potion of invisibility {unknown}


   Skills:
 * Level 5.4 Fighting
 * Level 3.2(4.1) Axes
 - Level 3.7(4.3) Maces & Flails
 * Level 4.0 Throwing
 + Level 3.7 Armour
 + Level 4.0 Dodging
 - Level 3.2 Unarmed Combat
 - Level 2.4 Shapeshifting


You had 6 spell levels left.
You didn't know any spells.
Your spell library contained the following spells:

 Spells                   Type           Power      Damage    Failure   Level
 Summon Small Mammal      Summ           0%         N/A       77%         1
 Call Canine Familiar     Summ           0%         N/A       98%         3
 Summon Guardian Golem    Hex/Summ       0%         N/A       98%         3
 Malign Gateway           Summ/Tloc      0%         N/A       100%        7
 Summon Horrible Things   Summ           0%         N/A       100%        8


Dungeon Overview and Level Annotations

Branches:
Dungeon (6/15)
 Temple: D:4-7

Altars:
Cheibriados
Hepliaklqana
Xom

Shops:
D:2 ?

Annotations:
D:4 2 runed translucent doors, dertzug's ghost, amateur MiHu


Innate Abilities, Weirdness & Mutations

You have a pair of horns on your head.
You reflexively headbutt those who attack you in melee.


Message History

Unknown command.
You hit the white imp but do no damage.
The white imp is almost dead.
The white imp gestures at you. The puff of frost misses you.
The puff of frost hits the adder!
Unknown command.
You miss the adder. Your headbutt misses the adder.
The adder is almost dead.
You hit the white imp.
You kill the white imp!
The adder closely misses you. You furiously retaliate!
You headbutt the adder!
You kill the adder!
Your Throwing skill increases to level 4!
Your Dodging skill increases to level 4!
HP restored.
k - 3 fizzy inky potions (gained 1)
Found a rapier.
No target in view!
An iguana comes into view.
The iguana hisses angrily.
An iguana is nearby!
The iguana bites you.
An iguana is nearby!
You hit the iguana.
The iguana is lightly wounded.
The iguana bites you but does no damage.
The iguana bites you.
An iguana is nearby!
Okay, then.
As you read the scroll labelled FOH WOCLUSKAM, it crumbles to dust.
The creatures around you are filled with an inner flame!
It was a scroll of immolation.
The iguana bites you.
You hit the iguana.
Flame seeps out of the iguana.
Lightning courses through the iguana!!
The iguana explodes!
The fiery explosion engulfs you!!
Ouch! That really hurt!
* * * LOW HITPOINT WARNING * * *
You are engulfed in blazing flames.
You die...

.............
.#####†####..
#..†.......#
#.#.####...#
#.#.# ...# #
#.####...#
#........#
###...)...
#@#..#.# #○#
.# #§# # #.#
... ... #.#


There were no monsters in sight!

Vanquished Creatures
  Sigmund (D:2)
  An ogre (D:3)
  2 scorpions
  2 howler monkeys
  4 hounds
  An iron imp (D:5)
  Terence (D:2)
  2 iguanas
  2 orc wizards (D:5)
  2 gnolls (D:1)
  9 adders
  A shadow imp (D:5)
  2 white imps
  2 worms
  2 dart slugs
  5 orcs
  9 ball pythons
  11 endoplasms
  3 giant cockroaches (D:2)
  8 goblins
  11 hobgoblins
  5 jackals (D:3)
  4 quokkas
  6 bats
  7 frilled lizards
  5 kobolds
  6 rats
114 creatures vanquished.

Notes
Turn   | Place    | Note
-------+----------+-------------------------------------------
     0 | D:1      | Amplified the Minotaur Shapeshifter began the quest for the
                  | Orb.
     0 | D:1      | Reached XP level 1. HP: 16/16 MP: 0/0
   131 | D:1      | Reached skill level 1 in Maces & Flails
   131 | D:1      | Reached XP level 2. HP: 16/24 MP: 1/1
   373 | D:1      | Reached skill level 2 in Fighting
   430 | D:1      | Reached skill level 1 in Armour
   634 | D:1      | Reached XP level 3. HP: 30/30 MP: 2/2
  1228 | D:2      | Found Xatsaeng's Magic Scroll Emporium.
  1236 | D:2      | Noticed Sigmund
  1477 | D:2      | Killed Sigmund
  1478 | D:2      | Reached skill level 3 in Fighting
  1478 | D:2      | Reached XP level 4. HP: 24/39 MP: 3/3
  1478 | D:2      | Reached XP level 5. HP: 28/45 MP: 4/4
  1654 | D:2      | Bought a scroll of teleportation for 36 gold pieces
  1654 | D:2      | Bought a scroll of identify for 24 gold pieces
  1754 | D:2      | Noticed Terence
  1767 | D:2      | Killed Terence
  2009 | D:3      | Reached XP level 6. HP: 52/52 MP: 5/5
  2100 | D:3      | Reached skill level 4 in Fighting
  2309 | D:3      | Identified the +3 hand axe "Fairups" {elec, rPois rC+}
  2501 | D:3      | Found a faded altar of an unknown god.
  2942 | D:4      | Reached skill level 1 in Axes
  3221 | D:4      | Reached XP level 7. HP: 54/60 MP: 6/6
  3416 | D:4      | Found a runed translucent door.
  3417 | D:4      | Noticed dertzug's ghost (amateur MiHu)
  3445 | D:4      | Found a runed translucent door.
  3481 | D:5      | Entered Level 5 of the Dungeon
  3538 | D:5      | Reached skill level 5 in Fighting
  3668 | D:5      | Found a hazy altar of Hepliaklqana.
  3835 | D:5      | Found a shimmering altar of Xom.
  3856 | D:5      | Found a snail-covered altar of Cheibriados.
  4118 | D:6      | Engulfed by a cloud of flame

Illustrated notes

Levels and vault maps discovered:
D:1:      saegor_arrival_fortress, layout_loops_corners
D:2:      layout_rooms, serial_shops, shop, uniq_terence, uniq_sigmund
D:3:      layout_loops_ring, hellmonk_ecumenical_altar_slurped_away,
          serial_bayou_pond_c, kennysheep_doodads, minmay_shallow_snake_nest
D:4:      layout_loops_cross, ebering_ghost_sewer_f
D:5:      layout_basic, overflow_temple_1_default, nzn_hepliaklqana_mist_gate,
          slow_altar_1
D:6:      layout_loops_ring, serial_shops, shop,
          hangedman_decor_clover_reticule, uniq_edmund

Skill      XL: |  1  2  3  4  5  6  7 |
---------------+----------------------+-----
Maces & Flails | 1 3 |  3.7
Fighting       | 2 3 4 5 |  5.4
Armour         | 1 2 3 |  3.7
Throwing       | 2 3 4 |  4.0
Dodging        | 3 4 |  4.0
Axes           | 1 3 |  3.2
Unarmed Combat | |  3.2
Shapeshifting  | |  2.4

Action                     |  1- 3 |  4- 6 |  7- 9 || total
---------------------------+-------+-------+-------++-------
  Melee: Whip              |    13 |       |       ||    13
         Flail             |    76 |    64 |       ||   140
         Headbutt          |     6 |    22 |    11 ||    39
         Punch             |     1 |     3 |     1 ||     5
         Hand axe          |       |    47 |    63 ||   110
Ability: Begin Untransform |     1 |       |       ||     1
    Use: Potion            |     4 |     2 |       ||     6
         Scroll            |     4 |     7 |     4 ||    15
 Armour: Skin              |     8 |       |       ||     8
         Animal skin       |    33 |       |       ||    33
         Ring mail         |    32 |    21 |       ||    53
         Scale mail        |       |    55 |    52 ||   107
  Dodge: Dodged            |    62 |    61 |    26 ||   149

Table legend: (Time is in decaauts)
 A = Elapsed time spent in this place.
 B = Non-inter-level travel time spent in this place.
 C = Inter-level travel time spent in this place.
 D = Time resting spent in this place.
 E = Time spent auto-exploring this place.
 F = Levels seen in this place.
 G = Mean time per level.
                   A        B        C        D        E       F      G
               +--------+--------+--------+--------+--------+-----+--------+
         Total |   4174 |   3957 |    217 |    177 |   2989 |   6 |  695.7 |
       Dungeon |   4174 |   3957 |    217 |    177 |   2989 |   6 |  695.7 |
               +--------+--------+--------+--------+--------+-----+--------+

Top non-repeatable levels by time:
     D:1: 1272 daAuts
     D:3: 822 daAuts
     D:2: 737 daAuts
     D:4: 698 daAuts
     D:5: 604 daAuts
     D:6: 38 daAuts
